SL
D.C. DIVIDED @ BROOKLYN DODGERS
09/25/2033
 
TOP OF THE 1ST
D.C. Divided batting - Pitching for Brooklyn Dodgers : RHP Hiro Kurasawa
Pitching: RHP Hiro Kurasawa
Batting: RHB Arturo Rodríguez 0-0: Swinging Strike
0-1: Called Strike
0-2: Ball
1-2: Fly out, F7 (Flyball, 78D)
Batting: RHB Tony Romero 0-0: Called Strike
0-1: Ball
1-1: Foul Ball, location: 2F
1-2: Foul Ball, location: 2F
1-2: Strikes out swinging
Batting: LHB Yao-pang Chiang 0-0: Ball
1-0: SINGLE (Line Drive, 89M)
Batting: RHB Wilbur Davis 0-0: Called Strike
0-1: Swinging Strike
0-2: TRIPLE (Groundball, 5L)
Yao-pang Chiang scores
Batting: LHB Obidiah Lewis 0-0: Ball
1-0: Ball
2-0: Ground out U3 (Groundball, 34)
Top of the 1st over - 1 run, 2 hits, 0 errors, 1 left on base; D.C. 1 - Brooklyn 0
BOTTOM OF THE 1ST
Brooklyn Dodgers batting - Pitching for D.C. Divided : RHP Wally Copeland
Pitching: RHP Wally Copeland
Batting: RHB Giobbe Bastedo 0-0: Ball
1-0: Ground out 6-3 (Groundball, 6M)
Batting: LHB Hugh Hill 0-0: SINGLE (Groundball, 6M) (infield hit)
Batting: LHB Avon Barksdale 0-0: Called Strike
0-1: Ball
1-1: Foul Ball, location: 2F
1-2: Strikes out looking
Batting: SHB Peer van Lochem 0-0: Called Strike
0-1: Ball
1-1: Ball
2-1: 2-RUN HOME RUN (Flyball, 9D), Distance : 457 ft
Batting: LHB Yannick Hendriksen 0-0: Ball
1-0: Swinging Strike
1-1: Swinging Strike
1-2: Foul Ball, location: 2F
1-2: Strikes out swinging
Bottom of the 1st over - 2 runs, 2 hits, 0 errors, 0 left on base; D.C. 1 - Brooklyn 2
TOP OF THE 2ND
D.C. Divided batting - Pitching for Brooklyn Dodgers : RHP Hiro Kurasawa
Batting: RHB Júlio Rodríguez 0-0: Called Strike
0-1: Ball
1-1: Foul Ball, location: 2F
1-2: SINGLE (Groundball, 5L) (infield hit)
Batting: RHB Daryl Yandell 0-0: Called Strike
0-1: Foul Ball, location: 2F
0-2: Ball
Júlio Rodríguez is caught stealing 2nd base
1-2: Foul Ball, location: 2F
1-2: Fly out, F9 (Line Drive, 9)
Batting: RHB Casey Cavell 0-0: Ball
1-0: Ball
2-0: Ball
3-0: DOUBLE (Line Drive, 8LD)
Batting: RHB Sherman N'Dir 0-0: Ball
1-0: Ball
2-0: Ball
3-0: Called Strike
3-1: Base on Balls
Batting: RHB Arturo Rodríguez 0-0: Fielders Choice at 2nd, 6-4 (Groundball, 6)
Top of the 2nd over - 0 runs, 2 hits, 0 errors, 2 left on base; D.C. 1 - Brooklyn 2
BOTTOM OF THE 2ND
Brooklyn Dodgers batting - Pitching for D.C. Divided : RHP Wally Copeland
Batting: LHB Frank Sharp 0-0: Called Strike
0-1: SINGLE (Groundball, 34D)
Batting: SHB Tony Manzanares 0-0: Swinging Strike
0-1: Ground out U3 (Groundball, 3)
Frank Sharp to second
Batting: RHB Ilkka Haapajarvi 0-0: Ball
1-0: Foul Ball, location: 2F
1-1: Ball
2-1: Ground out 5-3 (Groundball, 56)
Batting: SHB Tommy Dreamer 0-0: Ball
1-0: Ground out 4-3 (Groundball, 4)
Bottom of the 2nd over - 0 runs, 1 hit, 0 errors, 1 left on base; D.C. 1 - Brooklyn 2
TOP OF THE 3RD
D.C. Divided batting - Pitching for Brooklyn Dodgers : RHP Hiro Kurasawa
Batting: RHB Tony Romero 0-0: Called Strike
0-1: Ball
1-1: Swinging Strike
1-2: Ball
2-2: Hit by Pitch
Batting: LHB Yao-pang Chiang 0-0: Ball
Wild Pitch!
Tony Romero to second
1-0: Ball
2-0: Called Strike
2-1: Called Strike
2-2: Ball
3-2: Foul Ball, location: 2F
3-2: Foul Ball, location: 2F
3-2: 2-RUN HOME RUN (Flyball, 9D), Distance : 398 ft
Batting: RHB Wilbur Davis 0-0: Called Strike
0-1: Foul Ball, location: 2F
0-2: Ball
1-2: Foul Ball, location: 2F
1-2: Fly out, F8 (Flyball, 8LD)
Batting: LHB Obidiah Lewis 0-0: Swinging Strike
0-1: Swinging Strike
0-2: Fly out, F6 (Line Drive, 4M)
Batting: RHB Júlio Rodríguez 0-0: Ball
1-0: Foul Ball, location: 2F
1-1: Ball
2-1: Ball
3-1: Swinging Strike
3-2: Ground out 5-3 (Groundball, 5)
Top of the 3rd over - 2 runs, 1 hit, 0 errors, 0 left on base; D.C. 3 - Brooklyn 2
BOTTOM OF THE 3RD
Brooklyn Dodgers batting - Pitching for D.C. Divided : RHP Wally Copeland
Batting: RHB Giobbe Bastedo 0-0: Ground out 6-3 (Groundball, 56)
Batting: LHB Hugh Hill 0-0: Foul Ball, location: 2F
0-1: Foul Ball, location: 2F
0-2: Ball
1-2: Foul Ball, location: 2F
1-2: Ground out 6-3 (Groundball, 6)
Batting: LHB Avon Barksdale 0-0: Called Strike
0-1: Foul Ball, location: 2F
0-2: Ball
1-2: Ball
2-2: SINGLE (Line Drive, 9LS)
Batting: SHB Peer van Lochem 0-0: Foul Ball, location: 2F
0-1: Foul Ball, location: 2F
0-2: Fielders Choice at 2nd, 4-6 (Groundball, 4MD)
Bottom of the 3rd over - 0 runs, 1 hit, 0 errors, 1 left on base; D.C. 3 - Brooklyn 2
TOP OF THE 4TH
D.C. Divided batting - Pitching for Brooklyn Dodgers : RHP Hiro Kurasawa
Batting: RHB Daryl Yandell 0-0: Ball
1-0: Called Strike
1-1: SINGLE (Groundball, 4D)
Batting: RHB Casey Cavell 0-0: Ball
1-0: Reached on error, E6 (Groundball, 6)
Daryl Yandell to second
Batting: RHB Sherman N'Dir 0-0: Ball
1-0: Swinging Strike
1-1: Swinging Strike
1-2: Fly out, F3 (Popup, 3S)
Batting: RHB Arturo Rodríguez 0-0: Ball
1-0: Ball
2-0: Called Strike
2-1: Ball
3-1: Called Strike
3-2: Fly out, F8 (Flyball, 8LD)
Batting: RHB Tony Romero 0-0: Foul Ball, location: 2F
0-1: Ball
1-1: Ball
2-1: Swinging Strike
2-2: Fielders Choice at 2nd, 6-4 (Groundball, 6)
Top of the 4th over - 0 runs, 1 hit, 1 error, 2 left on base; D.C. 3 - Brooklyn 2
BOTTOM OF THE 4TH
Brooklyn Dodgers batting - Pitching for D.C. Divided : RHP Wally Copeland
Batting: LHB Yannick Hendriksen 0-0: Foul Ball, location: 2F
0-1: Ball
1-1: Ball
2-1: Ball
3-1: Called Strike
3-2: Foul Ball, location: 2F
3-2: Base on Balls
Batting: LHB Frank Sharp 0-0: Ball
1-0: Ball
2-0: Ball
3-0: Base on Balls
Yannick Hendriksen to second
Batting: SHB Tony Manzanares 0-0: Ball
1-0: Called Strike
1-1: Ball
2-1: Foul Ball, location: 2F
2-2: Strikes out swinging
Batting: RHB Ilkka Haapajarvi 0-0: Called Strike
0-1: Swinging Strike
0-2: Foul Ball, location: 2F
0-2: Fly out, F8 (Flyball, 8LXD)
Runner from 2nd tags up, SAFE at 3rd, no throw
Batting: SHB Tommy Dreamer 0-0: Fly out, F7 (Line Drive, 7S)
Bottom of the 4th over - 0 runs, 0 hits, 0 errors, 2 left on base; D.C. 3 - Brooklyn 2
TOP OF THE 5TH
D.C. Divided batting - Pitching for Brooklyn Dodgers : RHP Hiro Kurasawa
Batting: LHB Yao-pang Chiang 0-0: Called Strike
0-1: Ball
1-1: Called Strike
1-2: Ball
2-2: SINGLE (Line Drive, 8LS)
Batting: RHB Wilbur Davis 0-0: Called Strike
0-1: Fly out, F7 (Flyball, 7S)
Pitching: RHP Juan Rúbio
Batting: LHB Obidiah Lewis 0-0: Foul Ball, location: 2F
0-1: Ball
1-1: Foul Ball, location: 2F
1-2: Ground out 4-3 (Groundball, 4S)
Yao-pang Chiang to second
Batting: RHB Júlio Rodríguez 0-0: Ball
1-0: Ball
2-0: Ground out 5-3 (Groundball, 56)
Top of the 5th over - 0 runs, 1 hit, 0 errors, 1 left on base; D.C. 3 - Brooklyn 2
BOTTOM OF THE 5TH
Brooklyn Dodgers batting - Pitching for D.C. Divided : RHP Wally Copeland
Batting: RHB Giobbe Bastedo 0-0: Swinging Strike
0-1: Ball
1-1: Called Strike
1-2: DOUBLE (Line Drive, 8LD)
Pinch Runner at 2nd Fontana Contaldo:
Batting: LHB Hugh Hill 0-0: Called Strike
0-1: Bunted foul
0-2: Ball
1-2: Fly out, F8 (Flyball, 8LM)
Batting: LHB Avon Barksdale 0-0: Ground out U3 (Groundball, 3)
Fontana Contaldo to third
Batting: SHB Peer van Lochem 0-0: Ball
1-0: SINGLE (Groundball, 34D)
Fontana Contaldo scores
Batting: LHB Yannick Hendriksen 0-0: Called Strike
0-1: Ball
1-1: Ball
2-1: Swinging Strike
2-2: Strikes out looking
Bottom of the 5th over - 1 run, 2 hits, 0 errors, 1 left on base; D.C. 3 - Brooklyn 3
TOP OF THE 6TH
D.C. Divided batting - Pitching for Brooklyn Dodgers : RHP Juan Rúbio
Now in CF: Fontana Contaldo
Batting: RHB Daryl Yandell 0-0: Foul Ball, location: 2F
0-1: Called Strike
0-2: Ball
1-2: Ball
2-2: Strikes out swinging
Batting: RHB Casey Cavell 0-0: Swinging Strike
0-1: Called Strike
0-2: Ball
1-2: Ball
2-2: Ground out 6-3 (Groundball, 6)
Batting: RHB Sherman N'Dir 0-0: Called Strike
0-1: Ball
1-1: Foul Ball, location: 2F
1-2: Fly out, F8 (Flyball, 8LM)
Top of the 6th over - 0 runs, 0 hits, 0 errors, 0 left on base; D.C. 3 - Brooklyn 3
BOTTOM OF THE 6TH
Brooklyn Dodgers batting - Pitching for D.C. Divided : RHP Wally Copeland
Batting: LHB Frank Sharp 0-0: Swinging Strike
0-1: Swinging Strike
0-2: Foul Ball, location: 2F
0-2: Strikes out looking
Batting: SHB Tony Manzanares 0-0: SINGLE (Line Drive, 34D)
Batting: RHB Ilkka Haapajarvi 0-0: Foul Ball, location: 2F
0-1: SINGLE (Groundball, 13) (infield hit)
Tony Manzanares to second
Batting: SHB Tommy Dreamer 0-0: Ball
1-0: Ball
2-0: Ball
3-0: Called Strike
3-1: Fly out, F6 (Line Drive, 6)
Batting: RHB Fontana Contaldo 0-0: Swinging Strike
0-1: Ball
1-1: Ground out 5-3 (Groundball, 5S)
Bottom of the 6th over - 0 runs, 2 hits, 0 errors, 2 left on base; D.C. 3 - Brooklyn 3
TOP OF THE 7TH
D.C. Divided batting - Pitching for Brooklyn Dodgers : RHP Juan Rúbio
Batting: RHB Arturo Rodríguez 0-0: Ball
1-0: Ball
2-0: Called Strike
2-1: Ground out 6-3 (Groundball, 6)
Batting: RHB Tony Romero 0-0: Ball
1-0: Called Strike
1-1: Ball
2-1: SINGLE (Groundball, 6D)
Batting: LHB Yao-pang Chiang 0-0: Ball
1-0: Ball
2-0: Grounds into double play, 1-6-3 (Groundball, 13S)
Top of the 7th over - 0 runs, 1 hit, 0 errors, 0 left on base; D.C. 3 - Brooklyn 3
BOTTOM OF THE 7TH
Brooklyn Dodgers batting - Pitching for D.C. Divided : RHP Wally Copeland
Batting: LHB Hugh Hill 0-0: Foul Ball, location: 2F
0-1: Ball
1-1: Ground out 5-3 (Groundball, 56)
Pitching: RHP Baker Mayfield
Batting: LHB Avon Barksdale 0-0: Foul Ball, location: 2F
0-1: Ground out U3 (Groundball, 3L)
Batting: SHB Peer van Lochem 0-0: Ball
1-0: Reached on error, E4 (Groundball, 4M)
Batting: LHB Yannick Hendriksen 0-0: Ball
1-0: Called Strike
1-1: Ball
2-1: Swinging Strike
2-2: SINGLE (Line Drive, 4M)
Peer van Lochem to second
Batting: LHB Frank Sharp 0-0: Ball
1-0: Called Strike
1-1: Swinging Strike
1-2: Ball
2-2: Strikes out looking
Bottom of the 7th over - 0 runs, 1 hit, 1 error, 2 left on base; D.C. 3 - Brooklyn 3
TOP OF THE 8TH
D.C. Divided batting - Pitching for Brooklyn Dodgers : RHP Juan Rúbio
Batting: RHB Wilbur Davis 0-0: Ball
1-0: Ball
2-0: Foul Ball, location: 2F
2-1: Fly out, F3 (Popup, 34S)
Batting: LHB Obidiah Lewis 0-0: Ground out 4-3 (Groundball, 4)
Batting: RHB Júlio Rodríguez 0-0: Foul Ball, location: 2F
0-1: SINGLE (Flyball, 8LS)
Batting: RHB Daryl Yandell 0-0: Ball
1-0: Called Strike
1-1: Ball
2-1: SINGLE (Line Drive, 4MD)
Júlio Rodríguez to second
Batting: RHB Casey Cavell 0-0: Fly out, F7 (Flyball, 7D)
Top of the 8th over - 0 runs, 2 hits, 0 errors, 2 left on base; D.C. 3 - Brooklyn 3
BOTTOM OF THE 8TH
Brooklyn Dodgers batting - Pitching for D.C. Divided : RHP Baker Mayfield
Batting: SHB Tony Manzanares 0-0: Ball
1-0: Called Strike
1-1: Foul Ball, location: 2F
1-2: Strikes out looking
Batting: RHB Ilkka Haapajarvi 0-0: Ball
1-0: Ball
2-0: Fly out, F7 (Flyball, 78S)
Batting: SHB Tommy Dreamer 0-0: Ball
1-0: Ball
2-0: SINGLE (Groundball, 4MD)
Pitching: RHP Dale Kurth
Pinch Hitting: RHB Oliver Aranda 0-0: Ball
1-0: Swinging Strike
1-1: Foul Ball, location: 2F
1-2: Strikes out swinging
Bottom of the 8th over - 0 runs, 1 hit, 0 errors, 1 left on base; D.C. 3 - Brooklyn 3
TOP OF THE 9TH
D.C. Divided batting - Pitching for Brooklyn Dodgers : RHP Juan Rúbio
Pitching: RHP Ramón Granados
Now in RF: Oliver Aranda
Batting: RHB Sherman N'Dir 0-0: Called Strike
0-1: Foul Ball, location: 2F
0-2: Ball
1-2: Ball
2-2: Ball
3-2: Foul Ball, location: 2F
3-2: Fly out, F6 (Popup, 6MS)
Batting: RHB Arturo Rodríguez 0-0: Ball
1-0: Foul Ball, location: 2F
1-1: Foul Ball, location: 2F
1-2: Foul Ball, location: 2F
1-2: Fly out, F3 (Popup, 3SF)
Batting: RHB Tony Romero 0-0: Called Strike
0-1: Foul Ball, location: 2F
0-2: Strikes out swinging
Top of the 9th over - 0 runs, 0 hits, 0 errors, 0 left on base; D.C. 3 - Brooklyn 3
BOTTOM OF THE 9TH
Brooklyn Dodgers batting - Pitching for D.C. Divided : RHP Dale Kurth
Batting: LHB Hugh Hill 0-0: Ball
1-0: Ball
2-0: Ball
3-0: Base on Balls
Batting: LHB Avon Barksdale 0-0: Ball
1-0: Ball
2-0: Foul Ball, location: 2F
2-1: Ball
3-1: Foul Ball, location: 2F
3-2: Foul Ball, location: 2F
3-2: Foul Ball, location: 2F
3-2: Base on Balls
Hugh Hill to second
Batting: SHB Peer van Lochem 0-0: Ball
1-0: Fielders Choice at 2nd, 3-6 (Groundball, 34)
Hugh Hill to third
Batting: LHB Yannick Hendriksen 0-0: Ball
1-0: Ball
2-0: Ball
3-0: Called Strike
3-1: Called Strike
3-2: Foul Ball, location: 2F
3-2: Foul Ball, location: 2F
3-2: Strikes out swinging
Batting: LHB Frank Sharp 0-0: Fly out, F8 (Line Drive, 8LM)
Bottom of the 9th over - 0 runs, 0 hits, 0 errors, 2 left on base; D.C. 3 - Brooklyn 3
TOP OF THE 10TH
D.C. Divided batting - Pitching for Brooklyn Dodgers : RHP Ramón Granados
Batting: LHB Yao-pang Chiang 0-0: Called Strike
0-1: Ball
1-1: Ball
2-1: Ball
3-1: Base on Balls
Pinch Runner at 1st Ryan Marken:
Batting: RHB Wilbur Davis 0-0: Called Strike
0-1: Ball
1-1: Called Strike
1-2: 2-RUN HOME RUN (Flyball, 78XD), Distance : 423 ft
Batting: LHB Obidiah Lewis 0-0: Foul Ball, location: 2F
0-1: Ball
1-1: Ball
2-1: Ball
3-1: Called Strike
3-2: SINGLE (Groundball, 5D)
Batting: RHB Júlio Rodríguez 0-0: Sac Bunt - play at first, batter safe!
Obidiah Lewis to second
Batting: RHB Daryl Yandell 0-0: Called Strike
0-1: Foul Ball, location: 2F
0-2: Ball
1-2: Ball
2-2: Foul Ball, location: 2F
2-2: Ball
3-2: Strikes out looking
Batting: RHB Casey Cavell 0-0: Ball
1-0: Swinging Strike
1-1: Foul Ball, location: 2F
1-2: Foul Ball, location: 2F
1-2: Foul Ball, location: 2F
1-2: Grounds into double play, 1-6-3 (Groundball, 13S)
Top of the 10th over - 2 runs, 3 hits, 0 errors, 1 left on base; D.C. 5 - Brooklyn 3
BOTTOM OF THE 10TH
Brooklyn Dodgers batting - Pitching for D.C. Divided : RHP Dale Kurth
Pitching: RHP Roberto Silva
Batting: SHB Tony Manzanares 0-0: Called Strike
0-1: Swinging Strike
0-2: Strikes out swinging
Batting: RHB Ilkka Haapajarvi 0-0: Ball
1-0: Ball
2-0: Called Strike
2-1: Foul Ball, location: 2F
2-2: Ball
3-2: Strikes out looking
Batting: SHB Tommy Dreamer 0-0: Called Strike
0-1: Foul Ball, location: 2F
0-2: Ball
1-2: Strikes out swinging
Bottom of the 10th over - 0 runs, 0 hits, 0 errors, 0 left on base; D.C. 5 - Brooklyn 3
Saturday, December 22nd, 2018 - OOTP Baseball 18.8 Build 76